 Dungeon Crawl Stone Soup version 0.31-a0-355-g57cb03d3e8 (webtiles) character file.

Game seed: 16627253110513092559

18288 pokeman the Eclecticist (level 12, -4/66 HPs)
             Began as a Deep Elf Hedge Wizard on July 24, 2023.
             Was a Believer of Vehumet.
             Slain by a vault guard
             ... wielding a +1 battleaxe of freezing
              (17 damage)
             ... on level 13 of the Dungeon.
             The game lasted 00:38:15 (14701 turns).

pokeman the Eclecticist (Deep Elf Hedge Wizard)    Turns: 14701, Time: 00:38:16

Health: -4/66      AC:  9    Str:  7    XL:     12   Next: 26%
Magic:  10/35      EV: 17    Int: 25    God:    Vehumet [**....]
Gold:   746        SH:  5    Dex: 14    Spells: 27/45 levels left

rFire   . . .        J - +2 whip (elec)
rCold   . . .        (no shield)
rNeg    . . .        Q - +2 leather armour "Sisup" {Will++}
rPois   +            X - +0 helmet
rElec   .            (no cloak)
rCorr   .            c - +0 pair of gloves
SInv    .            s - +0 pair of boots
Will    +++..        r - amulet of reflection
Stlth   ++           M - ring of poison resistance
HPRegen 0.31/turn    G - +5 ring of evasion
MPRegen 0.24/turn

%: reflection
@: no status effects
A: no striking features
a: Renounce Religion


You were on level 13 of the Dungeon.
You worshipped Vehumet.
Vehumet was pleased with you.
You visited 2 branches of the dungeon, and saw 16 of its levels.

You collected 876 gold pieces.
You spent 130 gold pieces at shops.

Inventory:

Hand Weapons
 J - a +2 whip of electrocution (weapon)
 U - the +5 long sword "Wuethrob" {protect, Fragile rElec rC+ Will+}
   (You found it on level 11 of the Dungeon)

   rC:        It protects you from cold.
   rElec:     It insulates you from electricity.
   Fragile:   It will be destroyed if unequipped.
   Will:      It increases your willpower.
Missiles
 L - 2 throwing nets
Armour
 c - a +0 pair of gloves (worn)
 s - a +0 pair of boots (worn)
 C - a +2 robe of fire resistance
 O - a +0 buckler
 Q - the +2 leather armour "Sisup" (worn) {Will++}
   (You found it on level 8 of the Dungeon)

   Will:      It greatly increases your willpower.
 X - a +0 helmet (worn)
Jewellery
 p - an amulet of the acrobat
 r - an amulet of reflection (around neck)
 u - a ring of positive energy
 y - an amulet of guardian spirit
 G - a +5 ring of evasion (right hand)
 I - a ring of flight
 M - a ring of poison resistance (left hand)
 W - a +6 ring of dexterity
Wands
 n - a wand of iceblast (17)
 H - a wand of quicksilver (19)
 K - a wand of flame (16)
 S - a wand of mindburst (6)
Scrolls
 b - 3 scrolls of amnesia {unknown}
 e - 2 scrolls of acquirement {unknown}
 g - 4 scrolls of immolation {unknown}
 h - 5 scrolls of teleportation
 i - 2 scrolls of brand weapon {unknown}
 j - 2 scrolls of fog {unknown}
 k - 3 scrolls of fear {unknown}
 l - 3 scrolls of poison {unknown}
 q - 4 scrolls of enchant weapon {unknown}
 t - 3 scrolls of vulnerability {unknown}
 z - 2 scrolls of silence {unknown}
 A - 2 scrolls of revelation {unknown}
 B - 2 scrolls of torment {unknown}
 D - 3 scrolls of blinking {unknown}
 E - 7 scrolls of identify
 F - a scroll of enchant armour {unknown}
 V - a scroll of summoning {unknown}
Potions
 a - 2 potions of lignification {unknown}
 d - a potion of magic
 f - a potion of attraction {unknown}
 m - 3 potions of mutation {unknown}
 o - 8 potions of curing
 v - a potion of experience {unknown}
 w - 3 potions of enlightenment {unknown}
 x - 5 potions of heal wounds {unknown}
 N - a potion of might {unknown}
 P - a potion of brilliance {unknown}
 R - 3 potions of ambrosia {unknown}
 T - a potion of invisibility {unknown}
 Y - a potion of haste {unknown}


   Skills:
 - Level 4.0 Fighting
 - Level 4.2 Armour
 - Level 3.0 Dodging
 - Level 3.0 Stealth
 + Level 4.3 Shields
 * Level 17.0 Spellcasting
 + Level 10.9 Conjurations
 - Level 1.1 Summonings
 - Level 1.1 Translocations
 + Level 8.6 Fire Magic
 - Level 1.0 Air Magic
 - Level 1.0 Poison Magic
 - Level 1.0 Evocations


You had 27 spell levels left.
You knew the following spells:

 Your Spells              Type           Power      Damage    Failure   Level
a - Magic Dart            Conj           100%       1d8       1%          1
b - Mephitic Cloud        Conj/Pois/Air  42%        N/A       1%          3
c - Call Imp              Summ           52%        N/A       3%          2
d - Blink                 Tloc           52%        N/A       3%          2
e - Foxfire               Conj/Fire      100%       2x1d9     1%          1
f - Fireball              Conj/Fire      31%        3d13      1%          5
g - Iskenderun's Mystic   Conj/Tloc      50%        2d11      3%          4

Your spell library contained the following spells:

 Spells                   Type           Power      Damage    Failure   Level
 Inner Flame              Hex/Fire       42%        N/A       1%          3
 Kiss of Death            Conj/Necr      100%       2d13      1%          1
 Searing Ray              Conj           100%       2d8       1%          2
 Static Discharge         Conj/Air       100%       2-7/arc   1%          2
 Hailstorm                Conj/Ice       48%        3d11      1%          3
 Volatile Blastmotes      Fire/Tloc      90%        2d17      1%          3
 Freeze                   Ice            84%        1d9       3%          1
 Necrotise                Necr           84%        1d8       3%          1
 Slow                     Hex            84%        N/A       3%          1
 Fulminant Prism          Conj/Hex       24%        3d12      3%          4
 Cigotuvi's Dreadful Rot  Necr/Pois/Air  48%        N/A       4%          2
 Confusing Touch          Hex            21%        N/A       11%         3
 Frozen Ramparts          Ice            42%        1d7       11%         3
 Vampiric Draining        Necr           21%        2d7       11%         3
 Airstrike                Air            13%        2d(2-18)  22%         4
 Summon Lightning Spire   Summ/Air       26%        N/A       22%         4
 Summon Ice Beast         Ice/Summ       24%        N/A       28%         4
 Cause Fear               Hex            10%        N/A       34%         4
 Dispel Undead            Necr           21%        3d11      34%         4
 Summon Mana Viper        Hex/Summ       24%        N/A       61%         5
 Agony                    Necr           21%        N/A       67%         5
 Simulacrum               Ice/Necr       10%        N/A       99%         6
 Monstrous Menagerie      Summ           13%        N/A       100%        7
 Chain Lightning          Conj/Air       25%        3d33      100%        9
 Dragon's Call            Summ           13%        N/A       100%        9
 Fire Storm               Conj/Fire      31%        8d8       100%        9
 Shatter                  Erth           10%        3d12*     100%        9


Dungeon Overview and Level Annotations

Branches:
Dungeon (15/15)            Temple (1/1) D:5            Lair (0/5) D:8
    Orc (0/2) D:10
 Vaults: D:13-14     Depths: D:15

Altars:
Ashenzari
Cheibriados
Dithmenos
Elyvilon
Fedhas
Gozag
Hepliaklqana
Kikubaaqudgha
Makhleb
Nemelex Xobeh
Okawaru
Qazlal
Ru
Sif Muna
Trog
Uskayaw
Vehumet
Wu Jian
Xom
Yredelemnul
Zin
The Shining One

Shops:
D:3 !   D:5 *   D:9 =   D:10 *   D:12 :   D:13 :

Portals:
Trove: D:12 (give 6 potions of haste)

Annotations:
D:13 2 transporters


Message History

You feel your power returning.
The mystic blast hits the efreet!!
You kill the efreet!
Vehumet accepts your kill.
You feel your power returning.
The manticore flicks its tail.
The volley of spikes misses you.
Your Spellcasting skill increases to level 17!
Unknown command.
Casting: Iskenderun's Mystic Blast (dangerous; 3% risk of failure)
Confirm with . or Enter, or press ? or * to list all spells.
Aiming: Mephitic Cloud (safe; 1% risk of failure)
Press: ? - help, Shift-Dir - straight line, f - manticore, p - vault guard
Aim: a manticore (moderately wounded, chance to affect: 58%)
The ball explodes into a vile cloud!
The stinking cloud engulfs the manticore but does no damage.
The manticore is moderately wounded.
The manticore is engulfed in noxious fumes.
The manticore flicks its tail.
The volley of spikes misses you.
The volley of spikes hits the vault guard!
Unknown command.
The orc wizard casts a spell.
The orc wizard flickers and vanishes!
Deactivating autopickup; reactivate with Ctrl-A.
The manticore is engulfed in noxious fumes.
The manticore appears confused.
Unknown command.
The orc misses you. The manticore closely misses you.
The manticore barely misses you. The manticore closely misses you.
Unknown command.
The vault guard attacks as you move away!
The vault guard hits you with a +1 battleaxe of freezing!
* * * LOW HITPOINT WARNING * * *
The vault guard freezes you.
* * * LOW HITPOINT WARNING * * *
The manticore bites you but does no damage.
The manticore misses you. You block the manticore's attack.
There is a stone staircase leading up here.
The vault guard hits you with a +1 battleaxe of freezing!
You die...

#.......##.©. .#.#...©.#
#.......#...9##...##....
##..o...#...c.#...#ee...
#....o..#...............
#.......##.....T.©.....#
#........##...#####B..##
#.....°o..#####.©.#####.
#.....)○p)..............
#.....@.H######....####
##.....)..# #.#.##
########...##....#
#..<..#.## ..####.# ###
.... ... .. #...### #.
... ##) #.R


You could see a vault guard (skewered), a manticore (confused) and 3 orcs.

Vanquished Creatures
  A hydra (D:14)
  A centaur warrior (D:11)
  4 two-headed ogres
  Lodul (D:13)
  Pikel (D:8)
  3 ugly things (D:13)
  5 cyclopes
  A manticore (D:13)
  A komodo dragon (D:8)
  An unseen horror (D:12)
  2 efreet
  A hornet (D:10)
  2 trolls (D:11)
  A vampire (D:9)
  Sigmund (D:3)
  3 wraiths
  3 wyverns
  8 yaks
  A steam dragon (D:9)
  12 vampire mosquitoes
  4 acid dragons
  Duvessa (D:7)
  5 water moccasins
  4 orc warriors
  3 sky beasts
  An ice beast (D:7)
  A black bear (D:8)
  6 ogres (D:13)
  7 centaurs
  A lemure (D:8)
  A phantom (D:6)
  2 bullfrogs (D:8)
  2 gnoll sergeants
  2 scorpions
  3 wights (D:9)
  Dowan (D:7)
  An electric eel (D:8)
  8 orc priests
  3 hounds
  2 jellies
  Ijyb (D:2)
  Terence (D:3)
  4 iguanas
  7 orc wizards
  6 gnolls
  9 adders
  A white imp (D:7)
  2 worms
  5 dart slugs
  34 orcs
  5 ball pythons
  6 bats
  12 endoplasms
  4 giant cockroaches
  16 goblins
  8 hobgoblins
  2 jackals (D:2)
  7 kobolds
  5 quokkas
  2 frilled lizards (D:1)
  22 rats
270 creatures vanquished.

Vanquished Creatures (collateral kills)
  A black bear (D:5)
  An ice beast (D:6)
  An adder (D:5)
  An orc (D:7)
  7 foxfires (D:8)
11 creatures vanquished.

Vanquished Creatures (others)
  135 foxfires
135 creatures vanquished.

Grand Total: 416 creatures vanquished

Notes
Turn   | Place    | Note
-------+----------+-------------------------------------------
     0 | D:1      | pokeman the Deep Elf Hedge Wizard began the quest for the
                  | Orb.
     0 | D:1      | Reached XP level 1. HP: 10/10 MP: 7/7
   259 | D:1      | Reached XP level 2. HP: 16/16 MP: 7/9
   736 | D:1      | Reached skill level 5 in Spellcasting
   876 | D:1      | Reached XP level 3. HP: 20/20 MP: 4/11
   888 | D:1      | Learned a level 3 spell: Mephitic Cloud
   891 | D:1      | Learned a level 2 spell: Call Imp
   894 | D:1      | Learned a level 2 spell: Blink
  1437 | D:2      | Found a faded altar of an unknown god.
  1507 | D:2      | Reached skill level 1 in Fighting
  1507 | D:2      | Reached skill level 1 in Armour
  1668 | D:2      | Noticed Ijyb
  1707 | D:2      | Killed Ijyb
  1708 | D:2      | Reached XP level 4. HP: 23/25 MP: 3/13
  2027 | D:2      | Found a hazy altar of Hepliaklqana.
  2311 | D:3      | Reached skill level 6 in Spellcasting
  2311 | D:3      | Reached XP level 5. HP: 29/29 MP: 7/15
  2343 | D:3      | Reached skill level 1 in Evocations
  2470 | D:3      | Found Idyokuc's Distillery.
  2486 | D:3      | Bought 2 potions of curing for 60 gold pieces
  2486 | D:3      | Bought a potion of curing for 30 gold pieces
  2486 | D:3      | Bought a potion of curing for 30 gold pieces
  2486 | D:3      | Bought a potion of degeneration for 10 gold pieces
  2489 | D:3      | Noticed Terence
  2492 | D:3      | Killed Terence
  2541 | D:3      | Noticed Sigmund
  2552 | D:3      | Killed Sigmund
  2553 | D:3      | Reached XP level 6. HP: 26/34 MP: 14/17
  3167 | D:4      | Reached skill level 1 in Air Magic
  3210 | D:4      | Reached skill level 1 in Poison Magic
  3237 | D:4      | Reached skill level 5 in Conjurations
  3565 | D:4      | Found a glowing silver altar of Zin.
  3823 | D:5      | Entered Level 5 of the Dungeon
  3895 | D:5      | Reached skill level 7 in Spellcasting
  3895 | D:5      | Reached XP level 7. HP: 30/38 MP: 15/19
  4232 | D:5      | Reached skill level 8 in Spellcasting
  4544 | D:5      | Found Furag's Serpentskin Sales.
  4744 | D:5      | Reached XP level 8. HP: 39/44 MP: 16/22
  4850 | D:5      | Found a broken altar of Ashenzari.
  5109 | D:5      | Found a staircase to the Ecumenical Temple.
  5118 | Temple   | Entered the Ecumenical Temple
  5131 | Temple   | Became a worshipper of Vehumet
  5254 | D:6      | Reached skill level 9 in Spellcasting
  5860 | D:6      | Learned a level 5 spell: Fireball
  6502 | D:7      | Reached skill level 10 in Spellcasting
  6502 | D:7      | Reached skill level 1 in Fire Magic
  6608 | D:7      | Noticed Dowan
  6611 | D:7      | Noticed Duvessa
  6625 | D:7      | Killed Duvessa
  6637 | D:7      | Killed Dowan
  6961 | D:7      | Found a sparkling altar of Nemelex Xobeh.
  6984 | D:7      | Found a sacrificial altar of Ru.
  7022 | D:7      | Reached XP level 9. HP: 40/48 MP: 14/25
  7144 | D:7      | Reached * piety under Vehumet
  7144 | D:7      | Offered knowledge of Foxfire by Vehumet.
  7147 | D:7      | Learned a level 1 spell: Foxfire
  7292 | D:8      | Noticed Pikel
  7312 | D:8      | Killed Pikel
  7313 | D:8      | Reached skill level 11 in Spellcasting
  7789 | D:8      | Noticed a komodo dragon
  7807 | D:8      | Killed a komodo dragon
  7997 | D:8      | Reached skill level 12 in Spellcasting
  8194 | D:8      | Identified the +2 leather armour "Sisup" {Will++}
  8275 | D:8      | Found a staircase to the Lair.
  8565 | D:9      | Found an ancient bone altar of Kikubaaqudgha.
  8571 | D:9      | Reached XP level 10. HP: 40/56 MP: 8/28
  8710 | D:9      | Noticed a two-headed ogre
  8713 | D:9      | Killed a two-headed ogre
  8714 | D:9      | Reached skill level 5 in Fire Magic
  8717 | D:9      | Reached skill level 13 in Spellcasting
  8907 | D:9      | Found an ornate altar of the Wu Jian Council.
  8938 | D:9      | Noticed a two-headed ogre
  8943 | D:9      | Killed a two-headed ogre
  9225 | D:9      | Noticed a two-headed ogre
  9230 | D:9      | Killed a two-headed ogre
  9231 | D:9      | Reached skill level 14 in Spellcasting
  9381 | D:9      | Found Ipluc's Jewellery Shoppe.
 10004 | D:10     | Entered Level 10 of the Dungeon
 10157 | D:10     | Reached skill level 1 in Shields
 10300 | D:10     | Found a staircase to the Orcish Mines.
 10324 | D:10     | Reached XP level 11. HP: 61/61 MP: 21/31
 11048 | D:10     | Found an iron altar of Okawaru.
 11083 | D:10     | Found Zycrunoi's General Store.
 11203 | D:11     | Identified the +5 long sword "Wuethrob" {protect, Fragile
                  | rElec rC+ Will+}
 11401 | D:11     | Noticed a centaur warrior
 11407 | D:11     | Killed a centaur warrior
 11423 | D:11     | Offered knowledge of Scorch by Vehumet.
 11578 | D:11     | Reached skill level 15 in Spellcasting
 12043 | D:11     | Reached ** piety under Vehumet
 12443 | D:12     | Identified the +0 ring mail "Jogugee" {Harm Fly Dex-5
                  | Stlth+}
 12485 | D:11     | Learned a level 4 spell: Iskenderun's Mystic Blast
 12795 | D:12     | Found a portal to a secret trove of treasure.
 12805 | D:12     | Reached skill level 10 in Conjurations
 13365 | D:12     | Found Anaebowe's Book Shop.
 13404 | D:12     | Noticed a two-headed ogre
 13412 | D:12     | Killed a two-headed ogre
 13413 | D:12     | Reached skill level 16 in Spellcasting
 13951 | D:13     | Noticed a red ugly thing
 13952 | D:13     | Noticed a purple ugly thing
 13976 | D:13     | Noticed Lodul
 13987 | D:13     | Killed Lodul
 14150 | D:13     | Found a transporter.
 14150 | D:13     | You fall into a shaft and drop 2 floors!
 14150 | D:15     | Entered Level 15 of the Dungeon
 14154 | D:15     | Noticed a deep elf pyromancer
 14165 | D:15     | Noticed a fire dragon
 14193 | D:14     | Noticed a brown ugly thing
 14225 | D:14     | Noticed a brown ugly thing
 14226 | D:14     | Noticed a brown ugly thing
 14357 | D:14     | Noticed a six-headed hydra
 14398 | D:14     | Noticed a boulder beetle
 14433 | D:14     | Noticed a skeletal warrior
 14433 | D:14     | Noticed a skeletal warrior
 14433 | D:14     | Noticed a skeletal warrior
 14459 | D:14     | Killed a six-headed hydra
 14460 | D:14     | Reached XP level 12. HP: 66/66 MP: 18/34
 14587 | D:13     | Found Suis's Book Shop.
 14597 | D:13     | Noticed a vault guard
 14621 | D:13     | Offered knowledge of Inner Flame by Vehumet.
 14623 | D:13     | Noticed a vault guard
 14625 | D:13     | Noticed a vault guard
 14655 | D:13     | Noticed a vault guard
 14672 | D:13     | Found a transporter.
 14672 | D:13     | Noticed a boulder beetle
 14684 | D:13     | Found a transporter.
 14685 | D:13     | Noticed a centaur warrior
 14697 | D:13     | Reached skill level 17 in Spellcasting
 14701 | D:13     | Slain by a vault guard

Illustrated notes

Levels and vault maps discovered:
D:1:      dpeg_arrival_tiny_d, layout_loops_corners
D:2:      kennysheep_the_goblin_king, layout_rooms, nicolae_ecumenical_pavilion,
          basic_altar, minmay_rat_hole
D:3:      layout_basic, serial_shops, nicolae_shop_just_a_little_nook,
          uniq_sigmund, uniq_terence
D:4:      minmay_inner_zag, layout_cave_pools, old_standard_altar
D:5:      layout_loops_ring, mainiacjoe_overflow_paths,
          minmay_temple_entry_poolview, guppyfry_shop_venom
D:6:      layout_basic
D:7:      layout_loops_cross, amethyst_overflow_temple_binary,
          chequers_serial_rivers_micro_d, uniq_duvessa
D:8:      layout_basic, grunt_lair_entry_orc_guard_hut, serial_bayou_pond_b,
          fountainhead, uniq_pikel
D:9:      layout_roguey, general_overflow_altar, kiku_gazebo_pond_becter,
          serial_shops, shop, minmay_tree_intersection
D:10:     layout_roguey, kennysheep_okawaru_gauntlet, david_orc_3, serial_shops,
          nicolae_shop_hallway_stairs
D:11:     layout_gridville
D:12:     layout_loops_cross, serial_shops, nicolae_lakefront_shop,
          enter_trove_2, grunt_decor_resistance, minmay_misc_feat_alley,
          eino_tiny_chamber
D:13:     gammafunk_the_bubble [the_bubble_gammafunk_roulette], layout_rooms,
          erik_vaults_2, serial_shops, nicolae_shop_tiny_statue_garden,
          uniq_lodul
D:14:     layout_long_grid, amcnicky_mini_pool_small
D:15:     grunt_enter_depths_giant_problem, layout_basic, fedhas_altar_4,
          minivault_10
Temple:   regret_index_temple_waves

Skill      XL: |  1  2  3  4  5  6  7  8  9 10 11 12 |
---------------+-------------------------------------+-----
Spellcasting   | 5 6 7 8 10 12 14 16 17 | 17.0
Fighting       | 1 2 3 4 |  4.0
Armour         | 1 3 4 |  4.2
Conjurations   | 2 4 5 6 7 8 9 10 | 10.9
Stealth        | 3 |  3.0
Dodging        | 3 |  3.0
Evocations     | 1 |  1.0
Air Magic      | 1 |  1.0
Poison Magic   | 1 |  1.0
Fire Magic     | 2 4 6 8 |  8.6
Shields        | 1 3 4 |  4.3
Summonings     | |  1.1
Translocations | |  1.1

Action                     |  1- 3 |  4- 6 |  7- 9 | 10-12 || total
---------------------------+-------+-------+-------+-------++-------
  Melee: Dagger            |    21 |    82 |    40 |       ||   143
         Punch             |       |       |     2 |       ||     2
         Whip              |       |       |    41 |    19 ||    60
   Cast: Magic Dart        |    94 |    81 |   138 |       ||   313
         Mephitic Cloud    |     1 |     7 |    24 |    14 ||    46
         Call Imp          |       |     1 |     6 |     2 ||     9
         Foxfire           |       |       |    79 |       ||    79
         Fireball          |       |       |     5 |   119 ||   124
         Blink             |       |       |       |     5 ||     5
         Iskenderun's Myst |       |       |       |    17 ||    17
  Evoke: Wand              |       |       |       |     6 ||     6
    Use: Scroll            |       |       |       |     3 ||     3
   Stab: Sleeping          |       |     4 |       |       ||     4
         Confused          |       |     5 |     7 |     1 ||    13
 Armour: Robe              |     7 |     8 |    25 |       ||    40
         Leather armour    |       |       |       |    13 ||    13
  Dodge: Dodged            |    21 |    28 |    96 |    52 ||   197
  Block: Other             |       |    16 |    22 |    13 ||    51
         Reflection        |       |     2 |       |     2 ||     4

Table legend: (Time is in decaauts)
 A = Elapsed time spent in this place.
 B = Non-inter-level travel time spent in this place.
 C = Inter-level travel time spent in this place.
 D = Time resting spent in this place.
 E = Time spent auto-exploring this place.
 F = Levels seen in this place.
 G = Mean time per level.
                   A        B        C        D        E       F      G
               +--------+--------+--------+--------+--------+-----+--------+
         Total |  14708 |  14369 |    339 |    926 |  11511 |  16 |  919.2 |
       Dungeon |  14681 |  14354 |    327 |    926 |  11511 |  15 |  978.7 |
        Temple |     26 |     14 |     12 |      0 |      0 |   1 |   26.0 |
               +--------+--------+--------+--------+--------+-----+--------+

Top non-repeatable levels by time:
    D:12: 1653 daAuts
     D:9: 1443 daAuts
     D:1: 1436 daAuts
     D:5: 1316 daAuts
     D:8: 1282 daAuts
    D:11: 1278 daAuts
    D:10: 1195 daAuts
     D:6: 1109 daAuts
     D:7: 1010 daAuts
     D:2: 846 daAuts
     D:4: 841 daAuts
     D:3: 696 daAuts
    D:14: 419 daAuts
    D:13: 134 daAuts
  Temple: 26 daAuts
